 Dungeon Crawl Stone Soup version 0.20-a0-350-ga83eecc (webtiles) character file.

189 junb69 the Changer (level 5, -1/25 HPs)
             Began as a Spriggan Transmuter on Dec 23, 2016.
             Killed from afar by an orc wizard (8 damage)
             ... with a magic dart
             ... on level 4 of the Dungeon.
             The game lasted 00:09:34 (4078 turns).

junb69 the Changer (Spriggan Transmuter)            Turns: 4078, Time: 00:09:34

Health: -1/25      AC:  4    Str:  6    XL:     5   Next: 40%
Magic:  11/13      EV: 18    Int: 19    God:
Gold:   264        SH:  0    Dex: 19    Spells: 5/13 levels left

rFire  . . .     SeeInvis +       - Unarmed
rCold  . . .     Gourm    .     b - +0 robe
rNeg   . . .     Faith    .     (shield restricted)
rPois  .         Spirit   .     j - +1 hat {Int+3}
rElec  .         Reflect  .     x - +0 cloak
rCorr  .         Harm     .     (gloves unavailable)
MR     .....                    (boots unavailable)
Stlth  ++........               (no amulet)
                                (no ring)
                                o - +3 ring of dexterity

@: very quick
A: unfitting armour, see invisible, herbivore 3, speed 3, slow metabolism 2
a: no special abilities


You were on level 4 of the Dungeon.
You were not hungry.

You visited 1 branch of the dungeon, and saw 4 of its levels.

You collected 264 gold pieces.

Inventory:

Missiles
 a - 60 arrows
Armour
 b - a +0 robe (worn)
 j - a +1 hat of intelligence (worn)
 x - a +0 cloak (worn)
Jewellery
 g - an uncursed ring of fire {unknown}
 o - a +3 ring of dexterity (left hand)
Scrolls
 f - 5 scrolls of identify {unknown}
 h - a scroll of enchant armour {unknown}
 i - 2 scrolls of amnesia {unknown}
 l - 2 scrolls of remove curse {unknown}
 n - a scroll of enchant weapon {unknown}
 v - 2 scrolls of noise {unknown}
 z - a scroll of random uselessness {unknown}
Potions
 e - a potion of cancellation {unknown}
 k - a potion of flight {unknown}
 m - a potion of haste {unknown}
 p - 3 potions of heal wounds {unknown}
 q - 2 potions of lignification {unknown}
 r - a potion of degeneration {unknown}
 s - 2 potions of resistance {unknown}
 t - 2 potions of ambrosia {unknown}
 u - a potion of invisibility
 w - a potion of brilliance {unknown}
Books
 c - a book of Changes

   Spells                             Type                      Level
   a - Beastly Appendage              Transmutation                1
   b - Sticks to Snakes               Transmutation                2
   c - Spider Form                    Transmutation/Poison         3
   d - Ice Form                       Ice/Transmutation            4
   e - Blade Hands                    Transmutation                5
 y - a book of Conjurations

   Spells                             Type                      Level
   a - Magic Dart                     Conjuration                  1
   b - Searing Ray                    Conjuration                  2
   c - Dazzling Spray                 Conjuration/Hexes            3
   d - Fulminant Prism                Conjuration/Hexes            4
   e - Iskenderun's Mystic Blast      Conjuration                  4
   f - Iskenderun's Battlesphere      Conjuration/Charms           5
Comestibles
 d - 4 bread rations
 A - a slice of pizza


   Skills:
 - Level 0.7 Fighting
 - Level 3.0 Dodging
 - Level 2.8 Unarmed Combat
 - Level 4.8 Spellcasting
 - Level 4.9 Transmutations
 * Level 1.2 Ice Magic


You had 5 spell levels left.
You knew the following spells:

 Your Spells              Type           Power        Failure   Level  Hunger
a - Beastly Appendage     Tmut           ###...       1%          1    None
b - Spider Form           Tmut/Pois      ##........   14%         3    ##.....
c - Ice Form              Ice/Tmut       ###.....     38%         4    ####...


Dungeon Overview and Level Annotations

Branches:
Dungeon (4/15)
 Temple: D:4-7

Altars:
Fedhas
Okawaru
Yredelemnul


Innate Abilities, Weirdness & Mutations

You are very small and have problems with some larger weapons.
You are too small for most types of armour.
You have supernaturally acute eyesight. (SInv)
You are a herbivore.
You cover ground extremely quickly.
You need consume almost no food.


Message History

The orc wizard shouts!
The orc wizard casts a spell at you. The magic dart hits you!
The orc wizard shouts!
The orc wizard points at you and mumbles some strange words.
The magic dart hits you!
* * * LOW HITPOINT WARNING * * *
The orc wizard casts a spell.
The orc wizard seems to speed up.
Your transformation has ended.
Your +0 cloak unmelds from your body.
Your +1 hat of intelligence unmelds from your body.
Your +0 robe unmelds from your body.
You feel clever.
The orc wizard points at you and mumbles some strange words.
You easily resist.
Found a leather armour.
The orc wizard points at you and mumbles some strange words.
The magic dart hits you!
You die...

#.... ......... #....
......... #...#
#........
#...####........
#.....ooo....!..
#....###........
#....# #........
#.#####....# #........
#...[.@....# #........
##############........
#...............###...
#.....#########.# ...
#.....# .# .. #.....#
.# #.....# .# #.....#
.# #..(..# .#


You could see an orc wizard.

Vanquished Creatures
  Crazy Yiuf (D:2)
  5 adders
  An ooze (D:1)
  4 worms (D:2)
  2 dart slugs
  5 leopard geckos
  5 orcs (D:3)
  6 giant cockroaches
  13 goblins
  10 hobgoblins
  2 jackals (D:1)
  A ball python (D:1)
  11 bats
  7 frilled lizards
  7 kobolds
  6 rats
86 creatures vanquished.

Notes
Turn   | Place    | Note
-------+----------+-------------------------------------------
     0 | D:1      | junb69 the Spriggan Transmuter began the quest for the Orb.
     0 | D:1      | Reached XP level 1. HP: 9/9 MP: 5/5
     0 | D:1      | Noticed a formicid
     0 | D:1      | Noticed a naga
     0 | D:1      | Noticed a troll
     2 | D:1      | Noticed a spriggan
     2 | D:1      | Noticed a minotaur
     5 | D:1      | Noticed a formicid
    10 | D:1      | Noticed a draconian
    10 | D:1      | Noticed a spriggan
    12 | D:1      | Noticed an ogre
    12 | D:1      | Noticed a minotaur
    13 | D:1      | Noticed a vampire
    15 | D:1      | Noticed a ghoul
    15 | D:1      | Noticed a draconian
    17 | D:1      | Noticed an elf
    17 | D:1      | Noticed a human
    19 | D:1      | Noticed an ogre
    19 | D:1      | Noticed a naga
    21 | D:1      | Noticed a minotaur
   681 | D:1      | Reached XP level 2. HP: 9/14 MP: 6/6
  1318 | D:1      | Found an iron altar of Okawaru.
  1340 | D:1      | Reached XP level 3. HP: 15/17 MP: 6/8
  1440 | D:1      | Learned a level 3 spell: Spider Form
  2030 | D:2      | Reached XP level 4. HP: 18/21 MP: 8/10
  2111 | D:2      | Learned a level 4 spell: Ice Form
  2256 | D:2      | Found a runed door.
  2354 | D:2      | Found a blossoming altar of Fedhas.
  2354 | D:2      | Found a basalt altar of Yredelemnul.
  2810 | D:2      | Noticed Crazy Yiuf
  2821 | D:2      | Killed Crazy Yiuf
  2821 | D:2      | Reached XP level 5. HP: 18/25 MP: 10/13
  3219 | D:3      | Reached skill level 1 in Ice Magic
  4066 | D:4      | Noticed a necrophage
  4078 | D:4      | Killed from afar by an orc wizard

Vault maps used:
D:1:      shiori_arrival_whats_in_store_for_you, okawaru_ov_weapons_minmay
D:2:      gammafunk_temple_overflow_wave, minmay_joined_circles,
          uniq_crazy_yiuf_cottage
D:3:      first_bread, hangedman_decor_clover_reticule
D:4:      grunt_gozag_statues, uniq_natasha, uniq_edmund

Skill      XL: |  1  2  3  4  5 |
---------------+----------------+-----
Transmutations | 3 4 |  4.9
Spellcasting   | 3 4 |  4.8
Ice Magic      | 1 |  1.2
Fighting       | |  0.7
Dodging        | |  3.0
Unarmed Combat | |  2.8

Action                   |  1- 3 |  4- 6 || total
-------------------------+-------+-------++-------
Melee: Unarmed           |   186 |   199 ||   385
       Kick              |    12 |    13 ||    25
       Headbutt          |     6 |     6 ||    12
       Punch             |     1 |     2 ||     3
 Cast: Beastly Appendage |    21 |    10 ||    31
       Spider Form       |     2 |     8 ||    10
  Eat: Fruit             |       |     1 ||     1
       Pizza             |       |     1 ||     1
Armor: Robe              |    27 |    13 ||    40
       Skin              |       |     2 ||     2
Dodge: Dodged            |   173 |   160 ||   333
